 Dungeon Crawl Stone Soup version 0.27.0-1-g7a089689b8 (webtiles) character file.

Game seed: 14576027216042744786

66 Ijustatesigmund the Chopper (level 4, -6/41 HPs)
             Began as a Hill Orc Fighter on Aug 17, 2021.
             Mangled by a gnoll (17 damage)
             ... on level 2 of the Dungeon.
             The game lasted 00:02:15 (1588 turns).

Ijustatesigmund the Chopper (Hill Orc Fighter)      Turns: 1588, Time: 00:02:15

Health: -6/41      AC:  9    Str: 18    XL:     4   Next: 15%
Magic:  4/4        EV:  4    Int:  8    God:
Gold:   71         SH:  9    Dex: 11    Spells: 3/3 levels left

rFire    + . .     SeeInvis .   a - +1 war axe
rCold    . . .     Faith    .   c - +0 kite shield
rNeg     . . .     Spirit   .   b - +0 chain mail
rPois    .         Reflect  .   (helmet restricted)
rElec    .         Harm     .   (no cloak)
rCorr    .         Rampage  .   (no gloves)
Will     .....                  (no boots)
Stlth    ..........             (no amulet)
HPRegen  0.13/turn              (no ring)
MPRegen  0.09/turn              (no ring)

@: mighty
A: horns 1, fire resistance 1, wild magic 1
a: no special abilities


You were on level 2 of the Dungeon.
You visited 1 branch of the dungeon, and saw 2 of its levels.

You collected 71 gold pieces.

Inventory:

Hand Weapons
 a - a +1 war axe (weapon)
Armour
 b - a +0 chain mail (worn)
 c - a +0 kite shield (worn)
 k - a +0 helmet
Scrolls
 e - 2 scrolls of blinking
 f - a scroll of magic mapping {unknown}
Potions
 i - 2 potions of curing {unknown}
 j - a potion of haste {unknown}


   Skills:
 + Level 4.4 Fighting
 + Level 4.9 Axes
 + Level 3.3 Armour
 + Level 3.3 Shields


You had 3 spell levels left.
You didn't know any spells.
Your spell library was empty.

Dungeon Overview and Level Annotations

Branches:
Dungeon (2/15)

Altars:

Shops:
D:2 *


Innate Abilities, Weirdness & Mutations

You have a pair of small horns on your head.
Your flesh is heat resistant. (rF+)
Your spells are a little harder to cast, but a little more powerful.


Message History

You continue putting on your +0 chain mail. x4
You finish putting on your +0 chain mail.
You open the door.
There is an open door here.
A rat comes into view.
Found 10 gold pieces.
You closely miss the rat. The rat bites you.
You barely miss the rat. You block the rat's attack.
The rat bites you but does no damage.
You closely miss the rat. You block the rat's attack.
You hit the rat.
You kill the rat!
You have reached level 4!
You now have 71 gold pieces (gained 10).
f - a scroll labelled BARPHOY TUUPLO A gnoll comes into view.
It is wielding a +0 flail.
The gnoll shouts!
You hear a shout!
A gnoll comes into view. It is wielding a +0 club.
A gnoll comes into view.
It is wielding a +1 spear of distortion.
You feel very mighty all of a sudden.
The gnoll shouts!
The gnoll completely misses you.
You slash the gnoll! Your headbutt misses the gnoll.
The gnoll is heavily wounded.
You slash the gnoll!
You kill the gnoll!
The gnoll hits you from afar with a +1 spear of distortion.
Space warps horribly around you!! You block the gnoll's attack.
You are too injured to fight recklessly!
You are too injured to fight recklessly!
You are too injured to fight recklessly!
Unknown command.
You are too injured to fight recklessly!
You are too injured to fight recklessly!
You slash the gnoll!
You kill the gnoll!
The gnoll hits you from afar with a +1 spear of distortion. x2
* * * LOW HITPOINT WARNING * * *
Space warps horribly around you!
You die...

.###
#.#.......#.#
#.#.###.#
#.#.#####.#.#
#.#.# #.#
#.### #.# #
#.#.# #.. #..
.# #.#.# ####
..# # #.#.#
#.# #.##
#.#.# ...
#.#.#
#.##.###
#.#.#
#....)@# #.#
####g#)# #.#
.. #.# #.# ##
#.# #.#
#.######.#
#........#
########.#
#.# ###


You could see a gnoll.

Vanquished Creatures
  An adder (D:2)
  2 gnolls (D:2)
  A dart slug (D:2)
  4 ball pythons
  2 endoplasms (D:1)
  3 giant cockroaches
  6 goblins
  2 hobgoblins (D:1)
  4 jackals (D:2)
  7 kobolds
  4 quokkas
  3 bats
  3 frilled lizards
  A rat (D:2)
43 creatures vanquished.

Notes
Turn   | Place    | Note
-------+----------+-------------------------------------------
     0 | D:1      | Ijustatesigmund the Hill Orc Fighter began the quest for
                  | the Orb.
     0 | D:1      | Reached XP level 1. HP: 19/19 MP: 1/1
    29 | D:1      | Reached XP level 2. HP: 21/27 MP: 2/2
    96 | D:1      | You fall into a shaft and drop 1 floor!
   432 | D:1      | Reached XP level 3. HP: 29/33 MP: 3/3
   729 | D:1      | Gained mutation: You have a pair of small horns on your
                  | head. [potion of mutation]
   729 | D:1      | Gained mutation: Your flesh is heat resistant. (rF+)
                  | [potion of mutation]
   729 | D:1      | Gained mutation: Your spells are a little harder to cast,
                  | but a little more powerful. [potion of mutation]
   909 | D:2      | Found Koluxepu's Assorted Antiques.
  1487 | D:2      | Found a faded altar of an unknown god.
  1536 | D:2      | Reached XP level 4. HP: 40/41 MP: 4/4
  1588 | D:2      | Mangled by a gnoll

Illustrated notes

Levels and vault maps discovered:
D:1:      grunt_arrival_lava_bath, layout_rooms, st_stairs_7
D:2:      layout_basic, ebering_ecumenical_altar_box, serial_shops,
          nicolae_shop_waterfront, minmay_splitting_lines, serial_park_tiny_pond

Skill      XL: |  1  2 |
---------------+-------+-----
Axes           | 3 4 |  4.9
Fighting       | 4 |  4.4
Armour         | |  3.3
Shields        | |  3.3

Action                   |  1- 3 |  4- 6 || total
-------------------------+-------+-------++-------
Melee: War axe           |    89 |     2 ||    91
       Headbutt          |     2 |       ||     2
  Use: Scroll            |     6 |       ||     6
       Potion            |     1 |     1 ||     2
Armor: Scale mail        |    61 |       ||    61
       Chain mail        |     1 |       ||     1
Dodge: Dodged            |    27 |     1 ||    28
Block: Kite shield       |    53 |     1 ||    54
